 Dungeon Crawl Stone Soup version 0.25-a0-167-g836c352ace (webtiles) character file.

Game seed: 4828575896416729999, levelgen mode: deterministic

9412 punishedtataru the Basher (level 11, -2/72 HPs)
             Began as a Gargoyle Fighter on Nov 25, 2019.
             Was a High Priest of Okawaru.
             Killed from afar by a fire dragon (31 damage)
             ... with a blast of flame
             ... on level 10 of the Dungeon.
             The game lasted 00:21:29 (10441 turns).

punishedtataru the Basher (Gargoyle Fighter)       Turns: 10441, Time: 00:21:29

Health: -2/72      AC: 21    Str: 23    XL:     11   Next: 46%
Magic:  11/11      EV:  8    Int:  9    God:    Okawaru [*****.]
Gold:   588        SH: 11    Dex:  9    Spells: 10/10 levels left

rFire    . . .     SeeInvis .   C - +5 morningstar (freeze)
rCold    . . .     Gourm    .   c - +0 shield
rNeg     + . .     Faith    .   b - +0 scale mail
rPois    ∞         Spirit   .   a - +2 helmet
rElec    +         Reflect  .   (no cloak)
rCorr    .         Harm     .   r - +0 pair of gloves
MR       .....                  w - +0 pair of boots
Stlth    ..........             (no amulet)
HPRegen  0.22/turn              (no ring)
MPRegen  0.12/turn              (no ring)

@: no status effects
A: negative energy resistance 1, electricity resistance, unbreathing,
petrification resistance, rot immunity, AC +8
a: Heroism, Finesse, Renounce Religion


You were on level 10 of the Dungeon.
You worshipped Okawaru.
Okawaru was extremely pleased with you.
You were not hungry.

You visited 2 branches of the dungeon, and saw 11 of its levels.

You collected 588 gold pieces.

Inventory:

Hand Weapons
 j - a +2 whip of venom
 C - a +5 morningstar of freezing (weapon)
Armour
 a - a +2 helmet (worn)
 b - a +0 scale mail (worn)
 c - a +0 shield (worn)
 p - a +2 chain mail of fire resistance
 r - a +0 pair of gloves (worn)
 w - a +0 pair of boots (worn)
 B - a +2 ring mail of magic resistance
Jewellery
 v - an uncursed ring of fire {unknown}
 z - an uncursed amulet of rage
 F - a cursed ring of attention {unknown}
Wands
 h - a wand of iceblast (8)
 t - a wand of paralysis (7)
 x - a wand of acid (10)
Scrolls
 e - 4 scrolls of teleportation
 g - 8 scrolls of identify
 i - 4 scrolls of amnesia
 n - 2 scrolls of enchant weapon
 o - 5 scrolls of remove curse
 s - 2 scrolls of magic mapping
 u - 3 scrolls of blinking
 y - 4 scrolls of immolation
 A - a scroll of summoning
 D - a scroll of brand weapon {unknown}
 E - 2 scrolls of random uselessness {unknown}
 I - a scroll of fog {unknown}
Potions
 d - 2 potions of might
 k - 3 potions of curing
 l - a potion of lignification
 m - a potion of heal wounds
 q - 2 potions of flight
 G - a potion of brilliance
Comestibles
 f - 12 rations
 H - 7 chunks of flesh


   Skills:
 - Level 9.7 Fighting
 * Level 12.6 Maces & Flails
 - Level 7.2 Armour
 + Level 8.1 Shields


You had 10 spell levels left.
You didn't know any spells.
Your spell library contained the following spells:

 Spells                   Type           Power        Failure   Level  Hunger
 Corona                   Hex            #......      92%         1    ##.....
 Ensorcelled Hibernation  Hex/Ice        #.....       98%         2    ###....
 Confuse                  Hex            #.......     100%        3    ####...
 Dazzling Spray           Conj/Hex       #.....       100%        3    ####...
 Tukima's Dance           Hex            #.......     100%        3    ####...


Dungeon Overview and Level Annotations

Branches:
Dungeon (10/15)            Temple (1/1) D:6             Orc (0/2) D:9
   Lair: D:8-11

Altars:
Ashenzari
Cheibriados
Dithmenos
Elyvilon
Fedhas
Gozag
Hepliaklqana
Kikubaaqudgha
Makhleb
Nemelex Xobeh
Okawaru
Qazlal
Ru
Sif Muna
Trog
Uskayaw
Vehumet
Wu Jian
Xom
Yredelemnul
Zin
The Shining One


Innate Abilities, Weirdness & Mutations

You are resistant to torment.
Your stone body is resilient. (AC +8)
You are immune to poison.
You resist negative energy. (rN+)
You are resistant to electric shocks. (rElec)
You can survive without breathing.
You are immune to petrification.
You are immune to rotting.


Message History

The fire dragon bites you but does no damage.
The fire dragon claws you. You block the fire dragon's attack.
You hit the fire dragon but do no damage.
You block the fire dragon's attack. x2; The fire dragon tramples you.
You stumble backwards!
The electric eel shoots out a bolt of lightning at you!
The bolt of electricity hits you. You resist.
You hit the fire dragon but do no damage.
The fire dragon breathes flames at you. The blast of flame hits you!!!
Ouch! That really hurt!
You hear a shout!
You are too injured to fight recklessly!
You are too injured to fight recklessly!
You are too injured to fight recklessly!
You are too injured to fight recklessly!
Unknown command.
The fire dragon breathes flames at you. The blast of flame hits you!!
You die...

#.####.##.#######
#.# #[...# #.#
###### ##.# #..#
#.## #.# ##.#
#.@# ##..##
##..D.## #......#
##......#
#.......#
#........#
#≈;......#
#≈≈≈≈.....#


You could see a fire dragon and an electric eel.

Vanquished Creatures
  Harold (D:10)
  An ugly thing (D:9)
  A cyclops (D:10)
  Joseph (D:7)
  A queen bee (D:8)
  A troll (D:9)
  2 hippogriffs
  9 yaks
  3 humans (D:9)
  A hungry ghost (D:7)
  2 water moccasins (D:9)
  A porcupine (D:9)
  4 sky beasts
  2 ice beasts (D:6)
  4 orc warriors
  A necrophage (D:6)
  3 centaurs
  4 ogres
  A crocodile (D:9)
  2 big kobolds (D:8)
  8 bullfrogs
  A gnoll sergeant (D:5)
  A bullfrog (shapeshifter) (D:9)
  2 scorpions
  13 killer bees
  3 wights (D:10)
  A centaur zombie (D:5)
  A howler monkey (D:10)
  3 crimson imps
  A bullfrog skeleton (D:9)
  8 orc priests
  2 hounds (D:8)
  A jelly (D:10)
  6 orc wizards
  Jessica (D:2)
  2 centaur skeletons
  3 iguanas
  Ijyb (D:3)
  7 worker ants
  A worker ant zombie (D:10)
  Robin (D:3)
  9 gnolls
  2 howler monkey skeletons
  13 adders
  2 shadow imps (D:9)
  2 oozes
  An adder zombie (D:10)
  3 adder skeletons
  6 worms
  A dart slug (D:3)
  12 leopard geckos
  56 orcs
  4 giant cockroaches
  16 goblins
  11 hobgoblins
  12 jackals
  6 quokkas
  7 bats
  3 frilled lizards
  20 kobolds
  6 rats
304 creatures vanquished.

Vanquished Creatures (others)
  An orc wizard (D:8)
  2 fungi (D:10)
3 creatures vanquished.

Grand Total: 307 creatures vanquished

Notes
Turn   | Place    | Note
-------+----------+-------------------------------------------
     0 | D:1      | punishedtataru the Gargoyle Fighter began the quest for the
                  | Orb.
     0 | D:1      | Reached XP level 1. HP: 14/14 MP: 1/1
   218 | D:1      | Reached XP level 2. HP: 16/19 MP: 2/2
   263 | D:1      | Reached skill level 3 in Maces & Flails
   458 | D:1      | Reached XP level 3. HP: 18/23 MP: 3/3
   711 | D:2      | Noticed Jessica
   716 | D:2      | Killed Jessica
   716 | D:2      | Reached skill level 4 in Maces & Flails
   716 | D:2      | Reached XP level 4. HP: 28/28 MP: 4/4
  1307 | D:2      | Found a faded altar of an unknown god.
  1325 | D:2      | Reached skill level 5 in Maces & Flails
  1325 | D:2      | Reached XP level 5. HP: 27/32 MP: 5/5
  1722 | D:3      | Noticed Robin
  1741 | D:3      | Killed Robin
  2048 | D:3      | Reached skill level 6 in Maces & Flails
  2091 | D:3      | Reached XP level 6. HP: 37/37 MP: 6/6
  2195 | D:3      | Noticed Ijyb
  2206 | D:3      | Killed Ijyb
  2790 | D:4      | Reached skill level 7 in Maces & Flails
  3167 | D:5      | Entered Level 5 of the Dungeon
  3209 | D:5      | Reached XP level 7. HP: 41/41 MP: 7/7
  3241 | D:5      | HP: 2/41 [gnoll/+0 halberd (7)]
  3805 | D:5      | Reached skill level 8 in Maces & Flails
  4491 | D:6      | Reached skill level 9 in Maces & Flails
  4491 | D:6      | Reached XP level 8. HP: 18/46 MP: 8/8
  4852 | D:6      | Reached skill level 10 in Maces & Flails
  4898 | D:6      | Found a staircase to the Ecumenical Temple.
  5139 | Temple   | Entered the Ecumenical Temple
  5260 | Temple   | Became a worshipper of Warmaster Okawaru
  5277 | D:7      | Noticed a hippogriff
  5294 | D:7      | Killed a hippogriff
  5364 | D:7      | Noticed Joseph
  5512 | D:7      | Reached skill level 11 in Maces & Flails
  5527 | D:7      | Reached * piety under Okawaru
  5527 | D:7      | Reached XP level 9. HP: 42/51 MP: 9/9
  5899 | D:7      | Killed Joseph
  6801 | D:8      | Noticed a queen bee
  6831 | D:8      | Killed a queen bee
  6831 | D:8      | Reached ** piety under Okawaru
  6831 | D:8      | Reached skill level 5 in Fighting
  7033 | D:8      | Found a shimmering altar of Xom.
  7034 | D:8      | Found a white marble altar of Elyvilon.
  7034 | D:8      | Found a radiant altar of Vehumet.
  7037 | D:8      | Found a stormy altar of Qazlal.
  7082 | D:8      | Reached XP level 10. HP: 60/60 MP: 10/10
  7088 | D:8      | Reached skill level 5 in Shields
  7098 | D:8      | Reached skill level 5 in Armour
  7240 | D:8      | Reached *** piety under Okawaru
  7561 | D:9      | Found a white marble altar of Elyvilon.
  7802 | D:9      | Found a staircase to the Orcish Mines.
  8002 | D:9      | Reached **** piety under Okawaru
  8608 | D:10     | Entered Level 10 of the Dungeon
  8608 | D:10     | Noticed Harold
  8624 | D:10     | Noticed a brown ugly thing
  8673 | D:9      | Killed a brown ugly thing
  9163 | D:9      | Reached XP level 11. HP: 60/71 MP: 11/11
  9253 | D:9      | Reached ***** piety under Okawaru
  9479 | D:10     | Noticed a cyclops
  9605 | D:10     | Noticed a fire dragon
  9674 | D:10     | Found a radiant altar of Vehumet.
  9681 | D:10     | Killed a cyclops
  9681 | D:10     | Reached skill level 12 in Maces & Flails
  9764 | D:10     | Killed Harold
 10441 | D:10     | Killed from afar by a fire dragon

Levels and vault maps discovered:
D:1:      co_arrival_random_square_maze, layout_rooms
D:2:      layout_basic, chequers_ecumenical_altar_simple, first_ration,
          uniq_jessica
D:3:      minmay_angry_zag, layout_loops_ring, minmay_misc_feat_secret_circle,
          uniq_robin, uniq_ijyb
D:4:      layout_loops_ring
D:5:      layout_gridville
D:6:      layout_cave_pools, minmay_temple_entry_grid
D:7:      layout_cave_pools, uniq_joseph
D:8:      layout_loops_ring, grunt_temple_overflow_open, david_nohive_1
D:9:      layout_cave_pools, hiddenorc2_lemuel, basic_altar, minmay_ruffians
D:10:     dragon1_lemuel, layout_rooms, grunt_lair_entry_orc_guard_hut,
          minmay_ruined_shrine, uniq_harold
Temple:   regret_index_temple_mists

Skill      XL: |  1  2  3  4  5  6  7  8  9 10 11 |
---------------+----------------------------------+-----
Maces & Flails | 3 4 5 6 7 9 11 12 | 12.6
Fighting       | 6 9 |  9.7
Armour         | 4 6 7 |  7.2
Shields        | 4 7 8 |  8.1

Action                   |  1- 3 |  4- 6 |  7- 9 | 10-12 || total
-------------------------+-------+-------+-------+-------++-------
Melee: Flail             |   104 |   120 |       |       ||   224
       Whip              |       |   225 |   545 |   544 ||  1314
       Morningstar       |       |       |       |    67 ||    67
Invok: Heroism           |       |       |     1 |     3 ||     4
  Use: Potion            |       |       |     7 |     2 ||     9
       Scroll            |       |       |       |    12 ||    12
 Stab: Invisible         |       |       |     6 |       ||     6
  Eat: Chunk             |       |     8 |    14 |     5 ||    27
       Ration            |       |       |     1 |     2 ||     3
Armor: Scale mail        |    59 |   129 |   217 |   252 ||   657
       Skin              |       |       |    21 |    15 ||    36
Dodge: Dodged            |    35 |    89 |    94 |   152 ||   370
Block: Shield            |    61 |   131 |   197 |   291 ||   680

Table legend:
 A = Non-vault XP
 B = Vault XP
 C = Vault XP percentage of total XP
 D = Non-vault monster count
 E = Vault monster count
 F = Vault count percentage of total count
                 A         B        C        D         E       F
            +---------+---------+-------+---------+---------+-------
      Total |    8071 |    5375 |  40.0 |     224 |      81 |  26.6
            +---------+---------+-------+---------+---------+-------
        D:1 |      46 |       0 |   0.0 |      22 |       0 |   0.0
        D:2 |      92 |      37 |  28.7 |      22 |       1 |   4.3
        D:3 |     116 |      79 |  40.5 |      23 |      17 |  42.5
        D:4 |     217 |       0 |   0.0 |      16 |       0 |   0.0
        D:5 |     422 |       0 |   0.0 |      16 |       0 |   0.0
        D:6 |     851 |       0 |   0.0 |      14 |       0 |   0.0
        D:7 |     725 |     550 |  43.1 |       7 |       3 |  30.0
        D:8 |    1098 |    1000 |  47.7 |      50 |      12 |  19.4
        D:9 |    2717 |    1920 |  41.4 |      33 |      42 |  56.0
       D:10 |    1787 |    1789 |  50.0 |      21 |       6 |  22.2
            +---------+---------+-------+---------+---------+-------
